% Time on Ice - SASKATOON DUCKS
Lines # - Real PCT - Wanted PCT - Time Play
Normal Forward
1 - 35% - 35% - 18:40
2 - 31% - 32% - 16:49
3 - 23% - 23% - 12:21
4 - 12% - 10% - 6:13
Normal Defense
1 - 38% - 40% - 20:22
2 - 35% - 31% - 18:49
3 - 22% - 21% - 11:59
4 - 5% - 8% - 2:53
PP Forward
1 - 0% - 55%
2 - 0% - 45%
PP Defense
1 - 0% - 55%
2 - 0% - 45%
PK Forward
1 - 62% - 55% - 3:40
2 - 38% - 45% - 2:17
PK Defense
1 - 41% - 55% - 2:28
2 - 59% - 45% - 3:29
PK3 Forward
1 - 0% - 55%
2 - 0% - 45%
PK3 Defense
1 - 0% - 55%
2 - 0% - 45%
44 Forward
1 - 0% - 55%
2 - 0% - 45%
44 Defense
1 - 0% - 55%
2 - 0% - 45%
Last Minute Offensive  - 0:00
Last Minute Defensive  - 0:00
Total
Forward - 60:00
Defense - 60:00
% Time on Ice - PHOENIX MUSTANGS
Lines # - Real PCT - Wanted PCT - Time Play
Normal Forward
1 - 33% - 37% - 17:47
2 - 31% - 31% - 16:36
3 - 28% - 25% - 15:08
4 - 8% - 7% - 4:32
Normal Defense
1 - 34% - 36% - 18:36
2 - 32% - 31% - 17:09
3 - 27% - 23% - 14:20
4 - 7% - 10% - 3:58
PP Forward
1 - 45% - 55% - 2:42
2 - 55% - 45% - 3:15
PP Defense
1 - 57% - 55% - 3:23
2 - 43% - 45% - 2:34
PK Forward
1 - 0% - 55%
2 - 0% - 45%
PK Defense
1 - 0% - 55%
2 - 0% - 45%
PK3 Forward
1 - 0% - 55%
2 - 0% - 45%
PK3 Defense
1 - 0% - 55%
2 - 0% - 45%
44 Forward
1 - 0% - 55%
2 - 0% - 45%
44 Defense
1 - 0% - 55%
2 - 0% - 45%
Last Minute Offensive  - 0:00
Last Minute Defensive  - 0:00
Total
Forward - 60:00
Defense - 60:00
Play-by-Play 1st period 0:01 of 1st period - Dylan Strome wins face-off versus Nicklas Backstrom in neutral zone. 1:40 of 1st period - Vladislav Namestnikov is hit by Alexander Steen and loses puck. 2:04 of 1st period - Off-side. 2:05 of 1st period - Martin Hanzal wins face-off versus Kevin Labanc in neutral zone. 2:05 of 1st period - Ryan McDonagh is hit by Jeff Carter and loses puck. 2:18 of 1st period - Shot by Anthony Duclair. 2:18 of 1st period - Shot Blocked by Jesper Fast. 3:17 of 1st period - Shot by Dylan Strome. 3:17 of 1st period - Shot Misses the Net. 3:31 of 1st period - Shot by Dylan Strome. 3:31 of 1st period - Stopped by Corey Crawford without a rebound. 3:32 of 1st period - Joe Thornton wins face-off versus Kevin Hayes in PHOENIX MUSTANGS zone. 3:39 of 1st period - Shot by Bryan Rust. 3:39 of 1st period - Stopped by Corey Crawford with a rebound. 4:01 of 1st period - Shot by Phil Kessel. 4:01 of 1st period - Stopped by Cameron Talbot with a rebound. 4:03 of 1st period - Shot by Alexander Steen. 4:03 of 1st period - Deflect By Phil Kessel. 4:03 of 1st period - Stopped by Cameron Talbot without a rebound. 4:04 of 1st period - Nicklas Backstrom wins face-off versus Warren Foegele in SASKATOON DUCKS zone. 4:06 of 1st period - Teuvo Teravainen is hit by Nate Schmidt and loses puck. 4:27 of 1st period - Shot by Vladislav Namestnikov. 4:27 of 1st period - Shot Misses the Net. 4:32 of 1st period - Icing by Justin Faulk. 4:33 of 1st period - Nicklas Backstrom wins face-off versus Dylan Strome in PHOENIX MUSTANGS zone. 4:50 of 1st period - Shot by T.J. Oshie. 4:50 of 1st period - Goal by T.J. Oshie - SASKATOON DUCKS : 0 - PHOENIX MUSTANGS : 1. 4:51 of 1st period - Jeff Carter wins face-off versus Bryan Rust in neutral zone. 4:58 of 1st period - Shot by Jeff Carter. 4:58 of 1st period - Deflect By Kevin Labanc. 4:58 of 1st period - Stopped by Cameron Talbot with a rebound. 5:08 of 1st period - Shot by Jeff Carter. 5:08 of 1st period - Shot Misses the Net. 5:43 of 1st period - Icing by Nate Schmidt. 5:44 of 1st period - Kevin Hayes wins face-off versus Joe Thornton in SASKATOON DUCKS zone. 6:19 of 1st period - Kevin Hayes is hit by Nate Schmidt. 6:38 of 1st period - Icing by Ryan McDonagh. 6:39 of 1st period - Nicklas Backstrom wins face-off versus Joe Thornton in SASKATOON DUCKS zone. 6:55 of 1st period - Shot by Teuvo Teravainen. 6:55 of 1st period - Stopped by Cameron Talbot with a rebound. 7:58 of 1st period - Shot by Jeff Carter. 7:58 of 1st period - Stopped by Cameron Talbot without a rebound. 7:59 of 1st period - Kevin Hayes wins face-off versus Warren Foegele in SASKATOON DUCKS zone. 7:59 of 1st period - Phil Kessel is hit by Travis Dermott. 8:12 of 1st period - Off-side. 8:13 of 1st period - Dylan Strome wins face-off versus Justin Kloos in neutral zone. 8:37 of 1st period - Shot by Nicklas Backstrom. 8:37 of 1st period - Shot Misses the Net. 9:19 of 1st period - Shot by Warren Foegele. 9:19 of 1st period - Shot Misses the Net. 9:21 of 1st period - Shot by Vladislav Namestnikov. 9:21 of 1st period - Shot Misses the Net. 9:23 of 1st period - Shot by Warren Foegele. 9:23 of 1st period - Stopped by Corey Crawford with a rebound. 9:32 of 1st period - Icing by Fredrik Claesson. 9:33 of 1st period - Kevin Hayes wins face-off versus Martin Hanzal in PHOENIX MUSTANGS zone. 9:33 of 1st period - Kevin Hayes is hit by Martin Hanzal. 9:42 of 1st period - Kevin Hayes is hit by Travis Dermott and loses puck. 11:42 of 1st period - Shot by T.J. Oshie. 11:42 of 1st period - Shot Misses the Net. 11:44 of 1st period - Shot by Nicklas Backstrom. 11:44 of 1st period - Stopped by Cameron Talbot without a rebound. 11:45 of 1st period - Kevin Hayes wins face-off versus Joe Thornton in SASKATOON DUCKS zone. 12:02 of 1st period - Shot by Kevin Hayes. 12:02 of 1st period - Shot Misses the Net. 12:10 of 1st period - Shot by Joe Thornton. 12:10 of 1st period - Shot Misses the Net. 12:12 of 1st period - Shot by Ondrej Palat. 12:12 of 1st period - Stopped by Corey Crawford without a rebound. 12:13 of 1st period - Jeff Carter wins face-off versus Warren Foegele in PHOENIX MUSTANGS zone. 12:13 of 1st period - Jeff Carter is hit by Vladislav Namestnikov. 12:18 of 1st period - Jesper Fast is hit by Travis Dermott. 12:40 of 1st period - Kevin Labanc is hit by Travis Dermott. 13:48 of 1st period - Shot by Dylan Strome. 13:48 of 1st period - Goal by Dylan Strome - SASKATOON DUCKS : 1 - PHOENIX MUSTANGS : 1. 13:49 of 1st period - Joe Thornton wins face-off versus Kevin Hayes in neutral zone. 14:16 of 1st period - Shot by Phil Kessel. 14:16 of 1st period - Deflect By Kevin Hayes. 14:16 of 1st period - Stopped by Cameron Talbot without a rebound. 14:17 of 1st period - Jeff Carter wins face-off versus Martin Hanzal in SASKATOON DUCKS zone. 15:17 of 1st period - Shot by Teuvo Teravainen. 15:17 of 1st period - Deflect By T.J. Oshie. 15:17 of 1st period - Stopped by Cameron Talbot with a rebound. 15:19 of 1st period - Shot by Teuvo Teravainen. 15:19 of 1st period - Shot Misses the Net. 16:09 of 1st period - Shot by Phil Kessel. 16:09 of 1st period - Shot Misses the Net. 16:21 of 1st period - Shot by Kevin Hayes. 16:21 of 1st period - Shot Misses the Net. 16:23 of 1st period - Shot by Alexander Steen. 16:23 of 1st period - Goal by Alexander Steen - SASKATOON DUCKS : 1 - PHOENIX MUSTANGS : 2. 16:24 of 1st period - Jeff Carter wins face-off versus Dylan Strome in neutral zone. 16:38 of 1st period - Jake McCabe is hit by Jeff Carter and loses puck. 17:01 of 1st period - Shot by Kevin Labanc. 17:01 of 1st period - Deflect By Jeff Carter. 17:01 of 1st period - Shot Misses the Net. 17:33 of 1st period - Shot by Alexander Steen. 17:33 of 1st period - Shot Misses the Net. 17:35 of 1st period - Shot by Fredrik Claesson. 17:35 of 1st period - Shot Blocked by Derek Forbort. 17:42 of 1st period - Off-side. 17:43 of 1st period - Nicklas Backstrom wins face-off versus Warren Foegele in neutral zone. 18:02 of 1st period - Shot by T.J. Oshie. 18:02 of 1st period - Deflect By Nicklas Backstrom. 18:02 of 1st period - Stopped by Cameron Talbot with a rebound. 18:11 of 1st period - Icing by Travis Dermott. 18:12 of 1st period - Kevin Hayes wins face-off versus Warren Foegele in SASKATOON DUCKS zone. 18:23 of 1st period - Kevin Hayes is hit by Warren Foegele and loses puck. 18:52 of 1st period - Shot by Alexander Steen. 18:52 of 1st period - Goal by Alexander Steen - SASKATOON DUCKS : 1 - PHOENIX MUSTANGS : 3. 18:53 of 1st period - Nicklas Backstrom wins face-off versus Joe Thornton in neutral zone. 19:21 of 1st period - Shot by T.J. Oshie. 19:21 of 1st period - Stopped by Cameron Talbot without a rebound. 19:22 of 1st period - Jeff Carter wins face-off versus Dylan Strome in SASKATOON DUCKS zone. 19:29 of 1st period - Shot by Kevin Labanc. 19:29 of 1st period - Shot Hit the Post. 19:42 of 1st period - Shot by Kevin Labanc. 19:42 of 1st period - Stopped by Cameron Talbot without a rebound. 19:43 of 1st period - Nicklas Backstrom wins face-off versus Warren Foegele in SASKATOON DUCKS zone. 19:58 of 1st period - Shot by Ryan Strome. 19:58 of 1st period - Shot Misses the Net. Goals for this period are 1 for SASKATOON DUCKS vs 3 for PHOENIX MUSTANGS. Shots for this period are 5 for SASKATOON DUCKS vs 14 for PHOENIX MUSTANGS. 2nd period 0:01 of 2nd period - Dylan Strome wins face-off versus Nicklas Backstrom in neutral zone. 0:06 of 2nd period - Shot by Andreas Athanasiou. 0:06 of 2nd period - Stopped by Corey Crawford without a rebound. 0:07 of 2nd period - Dylan Strome wins face-off versus Nicklas Backstrom in PHOENIX MUSTANGS zone. 1:27 of 2nd period - Shot by Joe Thornton. 1:27 of 2nd period - Stopped by Corey Crawford without a rebound. 1:28 of 2nd period - Jeff Carter wins face-off versus Warren Foegele in PHOENIX MUSTANGS zone. 1:49 of 2nd period - Shot by Jeff Carter. 1:49 of 2nd period - Stopped by Cameron Talbot without a rebound. 1:50 of 2nd period - Kevin Hayes wins face-off versus Robert Fabbri in SASKATOON DUCKS zone. 1:51 of 2nd period - Shot by Phil Kessel. 1:51 of 2nd period - Shot Misses the Net. 1:57 of 2nd period - Fredrik Claesson is hit by Martin Hanzal and loses puck. 2:16 of 2nd period - Shot by Anthony Duclair. 2:16 of 2nd period - Deflect By Robert Fabbri. 2:16 of 2nd period - Stopped by Corey Crawford without a rebound. 2:17 of 2nd period - Joe Thornton wins face-off versus Nicklas Backstrom in PHOENIX MUSTANGS zone. 2:18 of 2nd period - Shot by Bryan Rust. 2:18 of 2nd period - Deflect By Joe Thornton. 2:18 of 2nd period - Stopped by Corey Crawford without a rebound. 2:19 of 2nd period - Nicklas Backstrom wins face-off versus Jakub Vrana in PHOENIX MUSTANGS zone. 2:19 of 2nd period - Nicklas Backstrom is hit by Dylan Strome. 2:39 of 2nd period - Shot by Dylan Strome. 2:39 of 2nd period - Shot Blocked by Michael Del Zotto. 2:41 of 2nd period - Shot by Jakub Vrana. 2:41 of 2nd period - Shot Misses the Net. 2:43 of 2nd period - Shot by Jakub Vrana. 2:43 of 2nd period - Shot Misses the Net. 2:48 of 2nd period - Icing by Erik Karlsson. 2:49 of 2nd period - Nicklas Backstrom wins face-off versus Joe Thornton in PHOENIX MUSTANGS zone. 3:08 of 2nd period - Shot by Joe Thornton. 3:08 of 2nd period - Stopped by Corey Crawford with a rebound. 3:10 of 2nd period - Shot by Ryan McDonagh. 3:10 of 2nd period - Stopped by Corey Crawford with a rebound. 3:12 of 2nd period - Shot by Bryan Rust. 3:12 of 2nd period - Shot Misses the Net. 3:37 of 2nd period - Off-side. 3:38 of 2nd period - Dylan Strome wins face-off versus Kevin Hayes in neutral zone. 3:53 of 2nd period - Shot by Andreas Athanasiou. 3:53 of 2nd period - Shot Blocked by Jake Gardiner. 4:05 of 2nd period - Shot by Jakub Vrana. 4:05 of 2nd period - Shot Misses the Net. 5:18 of 2nd period - Off-side. 5:19 of 2nd period - Bryan Rust wins face-off versus Justin Kloos in neutral zone. 5:43 of 2nd period - Shot by Joe Thornton. 5:43 of 2nd period - Stopped by Corey Crawford without a rebound. 5:44 of 2nd period - Dylan Strome wins face-off versus Jesper Fast in PHOENIX MUSTANGS zone. 5:47 of 2nd period - Shot by Andreas Athanasiou. 5:47 of 2nd period - Shot Blocked by Michael Del Zotto. 5:53 of 2nd period - Erik Karlsson is hit by Derek Forbort and loses puck. 6:39 of 2nd period - Shot by Joe Thornton. 6:39 of 2nd period - Shot Misses the Net. 7:21 of 2nd period - Icing by Ondrej Palat. 7:22 of 2nd period - Joe Thornton wins face-off versus Nicklas Backstrom in SASKATOON DUCKS zone. 7:32 of 2nd period - Icing by Fredrik Claesson. 7:33 of 2nd period - Nicklas Backstrom w